 Dungeon Crawl Stone Soup version 0.23-a0-352-geaabbf3 (webtiles) character file.

130 Cryolive the Slinger (level 5, 0/30 HPs)
             Began as a Halfling Hunter on Oct 20, 2018.
             Was an Initiate of Hepliaklqana.
             Succumbed to a scorpion's poison
             ... on level 4 of the Dungeon.
             The game lasted 00:15:43 (2649 turns).

Cryolive the Slinger (Halfling Hunter)              Turns: 2649, Time: 00:15:44

Health: 0/30       AC:  4    Str: 13    XL:     5   Next: 36%
Magic:  5/5        EV: 14    Int:  9    God:    Hepliaklqana [......]
Gold:   234        SH:  0    Dex: 16    Spells: 4/4 levels left

rFire    . . .     SeeInvis .   b - +0 short sword
rCold    . . .     Gourm    .   (shield restricted)
rNeg     . . .     Faith    .   c - +0 leather armour
rPois    .         Spirit   .   (no helmet)
rElec    .         Reflect  .   i - +0 cloak
rCorr    .         Harm     .   (no gloves)
MR       .....                  (no boots)
Stlth    ++........             (no amulet)
HPRegen  0.10/turn              (no ring)
MPRegen  0.09/turn              (no ring)

@: lethally poisoned (0 -> -11)
A: small, reduced essence, mutation resistance 1
a: Recall Ancestor, Ancestor Identity, Renounce Religion


You were on level 4 of the Dungeon.
You worshipped Hepliaklqana.
Hepliaklqana was noncommittal.
You were not hungry.

You visited 2 branches of the dungeon, and saw 5 of its levels.

You collected 234 gold pieces.

Inventory:

Hand Weapons
 a - a +1 hunting sling
 b - a +0 short sword (weapon)
Missiles
 d - 6 sling bullets
 j - 31 poisoned needles
 k - 132 stones (quivered)
 q - 37 bolts
 r - 49 arrows
Armour
 c - a +0 leather armour (worn)
 i - a +0 cloak (worn)
Scrolls
 h - a scroll of enchant armour {unknown}
 l - 2 scrolls of enchant weapon {unknown}
 m - 2 scrolls of immolation {unknown}
 n - 3 scrolls of remove curse {unknown}
 p - a scroll of teleportation {unknown}
 s - 2 scrolls of amnesia {unknown}
 t - 3 scrolls of identify {unknown}
Potions
 e - a potion of invisibility {unknown}
 g - 2 potions of agility {unknown}
 o - 2 potions of mutation {unknown}
 u - 2 potions of curing {unknown}
Comestibles
 f - 3 rations


   Skills:
 + Level 2.1 Fighting
 + Level 0.1 Short Blades
 + Level 8.2 Slings
 + Level 1.8 Armour
 + Level 2.2 Dodging
 + Level 1.4 Stealth


You had 4 spell levels left.
You didn't know any spells.
Your spell library was empty.

Dungeon Overview and Level Annotations

Branches:
Dungeon (4/15)             Temple (1/1) D:4

Altars:
Dithmenos
Elyvilon
Fedhas
Gozag
Hepliaklqana
Kikubaaqudgha
Okawaru
Qazlal
Ru
Trog
Uskayaw
Vehumet
Wu Jian
Xom
Yredelemnul
The Shining One


Innate Abilities, Weirdness & Mutations

You are small and have problems with some larger weapons.
You are somewhat resistant to further mutation.
Your life essence is reduced to manifest your ancestor. (-10% HP)


Message History

The scorpion is severely wounded.
* * * LOW HITPOINT WARNING * * *
You feel sick. The scorpion closely misses you. x2
You closely miss the scorpion.
The scorpion is severely wounded.
* * * LOW HITPOINT WARNING * * *
You feel sick. The scorpion stings you.
* * * LOW HITPOINT WARNING * * *
You hit the scorpion but do no damage.
The scorpion is severely wounded.
* * * LOW HITPOINT WARNING * * *
You feel sick. The scorpion closely misses you.
You barely miss the scorpion.
The scorpion is severely wounded.
* * * LOW HITPOINT WARNING * * *
You feel sick.
The scorpion stings you but does no damage.
You closely miss the scorpion.
The scorpion is severely wounded.
You die...

# (.(# #(.# #..# ###
#.(# ... #.(# ...
###.(# ...
#...s################
#.@................
#...>.............#
#....#.#..####.####.#
######.#.## #.# #..
#.#.# #.# ##. #.#.#
#.# #. #+#.. #.# #.
.## #.# ## . ..# #


You could see a scorpion.

Vanquished Creatures
  3 gnolls (D:2)
  3 adders
  An ooze (D:3)
  2 dart slugs
  2 leopard geckos
  2 ball pythons (D:1)
  7 bats
  4 bat zombies (D:3)
  2 giant cockroaches
  4 goblins
  9 hobgoblins
  7 jackals
  3 kobolds (D:1)
  A quokka (D:2)
  3 frilled lizards
  5 rats
  3 rat zombies (D:3)
61 creatures vanquished.

Vanquished Creatures (others)
  An ancestor (D:4)
1 creature vanquished.

Grand Total: 62 creatures vanquished

Notes
Turn   | Place    | Note
-------+----------+-------------------------------------------
     0 | D:1      | Cryolive the Halfling Hunter began the quest for the Orb.
     0 | D:1      | Reached XP level 1. HP: 14/14 MP: 1/1
    36 | D:1      | Reached skill level 6 in Slings
    73 | D:1      | Reached XP level 2. HP: 19/19 MP: 2/2
   434 | D:1      | Reached XP level 3. HP: 24/24 MP: 3/3
   967 | D:2      | Reached skill level 7 in Slings
   977 | D:2      | Reached skill level 1 in Armour
   977 | D:2      | Reached XP level 4. HP: 29/29 MP: 4/4
  1737 | D:3      | Reached XP level 5. HP: 33/34 MP: 5/5
  1741 | D:3      | Reached skill level 8 in Slings
  1753 | D:3      | Found an ancient bone altar of Kikubaaqudgha.
  1824 | D:3      | Found a hide-covered altar of Uskayaw.
  1824 | D:3      | Found a shimmering altar of Xom.
  1824 | D:3      | Found an opulent altar of Gozag.
  2147 | D:4      | Found a sacrificial altar of Ru.
  2197 | D:4      | Found an ornate altar of the Wu Jian Council.
  2257 | D:4      | Found a staircase to the Ecumenical Temple.
  2267 | Temple   | Entered the Ecumenical Temple
  2464 | Temple   | Became a worshipper of Hepliaklqana the Forgotten
  2648 | D:4      | HP: 1/30 [poisoned by a scorpion]
  2649 | D:4      | Succumbed to a scorpion's poison

Vault maps used:
D:1:      dpeg_arrival_houses_and_road
D:2:      first_ration, minivault_25
D:3:      lemuel_zombie_altar_kikubaaqudgha, gammafunk_temple_overflow_forgotten
D:4:      lemuel_doored_altar, nicolae_overflow_crystal_walls,
          minmay_temple_entry_poolview, wad_floor_pattern_1,
          nicolae_ru_path_of_blood
Temple:   grunt_temple_mini_profane

Skill      XL: |  1  2  3  4  5 |
---------------+----------------+-----
Slings         | 6 7 8 |  8.2
Fighting       | 2 |  2.1
Armour         | 1 |  1.8
Short Blades   | |  0.1
Dodging        | |  2.2
Stealth        | |  1.4

Action                   |  1- 3 |  4- 6 || total
-------------------------+-------+-------++-------
Melee: Short sword       |       |    13 ||    13
 Fire: Hunting sling     |    70 |   107 ||   177
Invok: Ancestor Identity |       |     1 ||     1
  Eat: Ration            |       |     2 ||     2
Armor: Leather armour    |     4 |    10 ||    14
Dodge: Dodged            |    11 |    29 ||    40

Table legend:
 A = Non-vault XP
 B = Vault XP
 C = Vault XP percentage of total XP
 D = Non-vault monster count
 E = Vault monster count
 F = Vault count percentage of total count
                 A         B        C        D         E       F
            +---------+---------+-------+---------+---------+-------
      Total |     176 |      11 |   5.9 |      54 |       7 |  11.5
            +---------+---------+-------+---------+---------+-------
        D:1 |      35 |       0 |   0.0 |      21 |       0 |   0.0
        D:2 |      77 |       0 |   0.0 |      14 |       0 |   0.0
        D:3 |      62 |      11 |  15.1 |      18 |       7 |  28.0
        D:4 |       2 |       0 |   0.0 |       1 |       0 |   0.0
            +---------+---------+-------+---------+---------+-------
